 Dungeon Crawl Stone Soup version 0.29-a0-340-g6efceafd81 (webtiles) character file.

Game seed: 13009950973818448778

280 spaghetti the Ruffian (level 6, -2/62 HPs)
             Began as an Ogre Monk on Apr 19, 2022.
             Slain by a gnoll shaman
             ... wielding a +0 club
              (5 damage)
             ... on level 4 of the Dungeon.
             The game lasted 00:07:07 (5562 turns).

spaghetti the Ruffian (Ogre Monk)                   Turns: 5562, Time: 00:07:08

Health: -2/62      AC:  4    Str: 15 (16) XL:     6   Next: 27%
Magic:  0/6        EV: 10    Int: 13      God:
Gold:   272        SH:  0    Dex: 11      Spells: 5/5 levels left

rFire   . . .      SeeInvis .     - Unarmed
rCold   . . .      Faith    .   (no shield)
rNeg    . . .      Spirit   +   a - +1 robe
rPois   .          Reflect  .   (helmet restricted)
rElec   .          Harm     .   (no cloak)
rCorr   .          Rampage  .   (gloves unavailable)
Will    .....                   (boots unavailable)
Stlth   ++........              u - amulet of guardian spirit
HPRegen 0.20/turn               (no ring)
MPRegen 0.10/turn               (no ring)

@: no status effects
A: large, unfitting armour, tough skin 1
a: no special abilities


You were on level 4 of the Dungeon.
You visited 1 branch of the dungeon, and saw 4 of its levels.

You collected 272 gold pieces.


Innate Abilities, Weirdness & Mutations

You are too large for most types of armour.
You have tough skin. (AC +1)


   Skills:
 - Level 4.0 Fighting
 + Level 4.0 Dodging
 - Level 1.4 Stealth
 * Level 5.4 Unarmed Combat


You had 5 spell levels left.
You didn't know any spells.
Your spell library contained the following spells:

 Spells                   Type           Power      Damage    Failure   Level
 Animate Skeleton         Necr           0%         N/A       30%         1
 Pain                     Necr           0%         1d4       30%         1
 Confusing Touch          Hex            0%         N/A       67%         3
 Vampiric Draining        Necr           0%         2d6       67%         3
 Yara's Violent Unravell  Hex/Tmut       0%         3d3       100%        5
 Enfeeble                 Hex            0%         N/A       100%        7

Inventory:

Hand Weapons
 c - a +1 dagger {short}
   (You found it on level 1 of the Dungeon)
 d - a +0 dagger {short}
   (You found it on level 1 of the Dungeon)
Missiles
 g - 164 stones (quivered) {throwing}
 l - 2 javelins {throwing}
 q - 2 throwing nets {=f!fthrowing}
 v - 6 poisoned darts {throwing}
Armour
 a - a +1 robe (worn)
Jewellery
 u - an amulet of guardian spirit (around neck)
   (You found it on level 4 of the Dungeon)
Scrolls
 i - 4 scrolls of teleportation {unknown}
 j - a scroll of fog
 k - 2 scrolls of identify {unknown}
 m - a scroll of immolation {unknown}
 n - a scroll of silence {unknown}
 p - 2 scrolls of noise {unknown}
 r - 2 scrolls of magic mapping {unknown}
 s - 2 scrolls of fear {unknown}
Potions
 b - 2 potions of ambrosia
 e - 2 potions of heal wounds {@q2}
 o - 2 potions of attraction {unknown}
 t - a potion of lignification {!q}

Dungeon Overview and Level Annotations

Branches:
Dungeon (4/15)
 Temple: D:4-7

Altars:
Trog
Uskayaw
Xom

Annotations:
D:4 2 transporters, spaghetti's ghost, amateur OpCA

#.....# ## #.....# #.
####.รท...# #.
########........######.
#>.....'........'.....^
.#####.####.#........#######
...........#ยง####.#####
#######.##.#ยง# #..#
#.......#@# ##.##
#.##.####g# #...##
#.##.####J###..[..########
#.##.....gg#.......#......
#>#######+.)g(._.....#####
#.# #...#g...... # #.#
#...##g....# ####
#.######...# #...## ....
#.........## #[## ....


You could see a gnoll shaman and an endoplasm.


Message History

Found a hide-covered altar of Uskayaw.
You throw a stone {throwing}. The stone {throwing} hits the goblin.
The goblin shouts!
You hear a shout! x3
A gnoll comes into view. It is wielding a +0 spear. x2
A gnoll comes into view. It is wielding a +0 whip.
You throw a stone {throwing}.
The stone {throwing} hits the gnoll but does no damage.
The gnoll hits you from afar with a +0 spear.
You are too injured to fight recklessly! ๐Ÿ˜• HP[-4]
You take 4 damage, and now have 58/62 hp.
You are too injured to fight recklessly!
You are too injured to fight recklessly!
You are too injured to fight recklessly!
You are too injured to fight recklessly!
You are too injured to fight recklessly!
You are too injured to fight recklessly!
You are too injured to fight recklessly!
You are too injured to fight recklessly!
You are too injured to fight recklessly!
You are too injured to fight recklessly!
You are too injured to fight recklessly!
You are too injured to fight recklessly!
You are too injured to fight recklessly!
You are too injured to fight recklessly!
You are too injured to fight recklessly!
You are too injured to fight recklessly!
You are too injured to fight recklessly!
Unknown command. ๐Ÿ˜• HP[+1]
A gnoll is nearby!
The gnoll hits you from afar with a +0 spear. ๐Ÿ˜• HP[-4] MP[-1]
You take 4 damage, and now have 55/62 hp.
You lost 1 mp, and now have 5/6 mp.
You hit the goblin.
You kill the goblin!
A gnoll shaman, a gnoll and an endoplasm come into view.
The gnoll shouts!
The gnoll shaman shouts!
The gnoll barely misses you. The gnoll hits you with a +0 spear.
The endoplasm quivers.
You see here a +0 dagger {short}. ๐Ÿ˜• HP[-3]
You take 3 damage, and now have 52/62 hp.
You hit the gnoll. The gnoll barely misses you. The gnoll misses you.
The gnoll closely misses you.
You hit the gnoll. The gnoll hits you with a +0 whip.
The gnoll closely misses you. ๐Ÿ˜• HP[-2]
You take 2 damage, and now have 50/62 hp.
You hit the gnoll. The gnoll hits you with a +0 spear.
The gnoll hits you with a +0 whip!
The gnoll hits you with a +0 spear. ๐Ÿ˜ฎ HP[-14] MP[-2]
You take 14 damage, and now have 36/62 hp.
MASSIVE DAMAGE!! (PAUSE)
You lost 2 mp, and now have 3/6 mp.
You closely miss the gnoll. The gnoll hits you with a +0 spear. x2
* * * LOW HITPOINT WARNING * * *
๐Ÿ˜จ HP[-8]
You take 8 damage, and now have 28/62 hp.
You barely miss the gnoll. The gnoll hits you with a +0 spear.
* * * LOW HITPOINT WARNING * * *
The gnoll closely misses you. ๐Ÿ˜จ HP[-2]
You take 2 damage, and now have 26/62 hp.
The gnoll attacks as you move away! The gnoll hits you with a +0 spear.
* * * LOW HITPOINT WARNING * * *
The gnoll barely misses you.
Unknown command. ๐Ÿ˜จ HP[-4]
You take 4 damage, and now have 22/62 hp.
The gnoll shaman attacks as you move away!
The gnoll shaman hits you with a +0 club.
* * * LOW HITPOINT WARNING * * *
๐Ÿ˜จ HP[-4]
You take 4 damage, and now have 18/62 hp. ๐Ÿ˜จ MP[+1]
Okay, then.
The gnoll shaman attacks as you move away!
The gnoll shaman hits you but does no damage.
As you read the scroll labelled BOYSSE UCYKIKK, it crumbles to dust.
It is a scroll of enchant armour.
Your +0 robe glows green for a moment.
The gnoll shaman hits you with a +0 club!
* * * LOW HITPOINT WARNING * * *
๐Ÿ˜ฑ HP[-9] MP[-2]
You take 9 damage, and now have 9/62 hp.
You lost 2 mp, and now have 2/6 mp.
As you read the scroll labelled QOCONTOECW, it crumbles to dust.
It is a scroll of enchant weapon.
Your +0 dagger {short} glows red for a moment.
The gnoll shaman hits you with a +0 club!
* * * LOW HITPOINT WARNING * * *
๐Ÿ˜ฑ HP[-7] MP[-2]
You take 7 damage, and now have 2/62 hp.
You lost 2 mp, and now have 0/6 mp.
As you read the scroll labelled RUBBUCRUZXO, it crumbles to dust.
The scroll dissolves into smoke.
It was a scroll of fog.
The gnoll shaman hits you with a +0 club.
You die...

Skill      XL: |  1  2  3  4  5 |
---------------+----------------+-----
Unarmed Combat | 3 4 5 |  5.4
Dodging        | 3 4 |  4.0
Fighting       | |  4.0
Stealth        | |  1.4

Action                   |  1- 3 |  4- 6 || total
-------------------------+-------+-------++-------
Melee: Unarmed           |    86 |   205 ||   291
       Punch             |     2 |     5 ||     7
Throw: Stone             |    23 |   111 ||   134
  Use: Potion            |     2 |     4 ||     6
       Scroll            |       |     3 ||     3
 Stab: Sleeping          |     2 |     2 ||     4
Armor: Robe              |    34 |    41 ||    75
       Skin              |       |     5 ||     5
Dodge: Dodged            |    51 |   112 ||   163

Levels and vault maps discovered:
D:1:      dpeg_arrival_arbitrary_b, layout_basic, serial_bayou_pond_e
D:2:      layout_basic, serial_bayou_pond_d
D:3:      layout_basic, led_xom_imps, mainiacjoe_overflow_catwalk,
          shapermc_ecumenical_altar_venn
D:4:      layout_basic, lemuel_round_altar, gammafunk_ghost_mausoleum

Notes
Turn   | Place    | Note
-------+----------+-------------------------------------------
     0 | D:1      | spaghetti the Ogre Monk began the quest for the Orb.
     0 | D:1      | Reached XP level 1. HP: 24/24 MP: 1/1
     0 | D:1      | magus.rc [v1.9.6]
    39 | D:1      | Reached skill level 3 in Unarmed Combat
    92 | D:1      | Reached XP level 2. HP: 32/32 MP: 2/2
  1019 | D:1      | Reached XP level 3. HP: 39/39 MP: 3/3
  1290 | D:2      | Reached skill level 3 in Dodging
  1553 | D:1      | Reached skill level 4 in Unarmed Combat
  1553 | D:1      | Reached XP level 4. HP: 20/48 MP: 4/4
  1941 | D:2      | HP: 12/48 [poisoned by an adder]
  3308 | D:3      | Reached XP level 5. HP: 42/54 MP: 5/5
  3500 | D:3      | Found a bloodstained altar of Trog.
  3575 | D:3      | You pick up a book of Misfortune and begin reading...
  3575 | D:3      | You add the spells Confusing Touch, Yara's Violent
                  | Unravelling and Enfeeble to your library.
  3619 | D:3      | You pick up a book of Necromancy and begin reading...
  3619 | D:3      | You add the spells Pain, Animate Skeleton and Vampiric
                  | Draining to your library.
  3964 | D:3      | Found a faded altar of an unknown god.
  4466 | D:3      | Found a shimmering altar of Xom.
  4509 | D:4      | Found a transporter.
  4599 | D:4      | Found a transporter.
  4602 | D:4      | Noticed spaghetti's ghost (amateur OpCA)
  4930 | D:4      | Reached skill level 5 in Unarmed Combat
  5177 | D:4      | Noticed a phantom
  5195 | D:4      | Killed a phantom
  5196 | D:4      | Reached skill level 4 in Dodging
  5196 | D:4      | Reached XP level 6. HP: 33/62 MP: 1/6
  5205 | D:4      | HP: 15/62 [poisoned by an adder]
  5210 | D:4      | HP: 12/62 [poisoned by an adder]
  5544 | D:4      | Found a hide-covered altar of Uskayaw.
  5560 | D:4      | HP: 9/62 [gnoll shaman/+0 club (9)]
  5561 | D:4      | HP: 2/62 [gnoll shaman/+0 club (7)]
  5562 | D:4      | Slain by a gnoll shaman

Vanquished Creatures
  A phantom (D:4)
  An iguana (D:4)
  4 gnolls
  8 adders
  2 dart slugs
  9 ball pythons
  5 endoplasms
  4 giant cockroaches
  6 goblins
  12 hobgoblins
  3 kobolds
  5 quokkas
  3 bats
  A frilled lizard (D:1)
  4 rats
68 creatures vanquished.

Table legend:
 A = Non-vault XP
 B = Vault XP
 C = Vault XP percentage of total XP
 D = Non-vault monster count
 E = Vault monster count
 F = Vault count percentage of total count
                 A         B        C        D         E       F
            +---------+---------+-------+---------+---------+-------
      Total |     400 |       0 |   0.0 |      68 |       0 |   0.0
            +---------+---------+-------+---------+---------+-------
        D:1 |      54 |       0 |   0.0 |      24 |       0 |   0.0
        D:2 |     101 |       0 |   0.0 |      15 |       0 |   0.0
        D:3 |      56 |       0 |   0.0 |      17 |       0 |   0.0
        D:4 |     189 |       0 |   0.0 |      12 |       0 |   0.0
            +---------+---------+-------+---------+---------+-------

Illustrated notes

Table legend:
 A = Kills in this place as a percentage of kills in entire the game.
 B = Kills by you in this place as a percentage of kills by you in the entire game.
 C = Kills by friends in this place as a percentage of kills by friends in the entire game.
 D = Other kills in this place as a percentage of other kills in the entire game.
 E = Experience gained in this place as a percentage of experience gained in the entire game.
 F = Experience gained in this place divided by the number of levels of this place that you have seen.
                   A       B       C       D       E      F
               +-------+-------+-------+-------+-------+----------------------
         Total | 100.0 | 100.0 |   N/A |   N/A | 100.0 | 100.0
       Dungeon | 100.0 | 100.0 |   N/A |   N/A | 100.0 | 100.0
               +-------+-------+-------+-------+-------+----------------------

Table legend: (Time is in decaauts)
 A = Elapsed time spent in this place.
 B = Non-inter-level travel time spent in this place.
 C = Inter-level travel time spent in this place.
 D = Time resting spent in this place.
 E = Time spent auto-exploring this place.
 F = Levels seen in this place.
 G = Mean time per level.
                   A        B        C        D        E       F      G
               +--------+--------+--------+--------+--------+-----+--------+
         Total |   5540 |   5464 |     76 |    751 |   3942 |   4 | 1385.0 |
       Dungeon |   5540 |   5464 |     76 |    751 |   3942 |   4 | 1385.0 |
               +--------+--------+--------+--------+--------+-----+--------+

Top non-repeatable levels by time:
     D:2: 1821 daAuts
     D:1: 1478 daAuts
     D:3: 1204 daAuts
     D:4: 1037 daAuts
